[Event "40th IND-chT Open 2020"]
[Site "Ahmedabad"]
[Date "2020.02.08"]
[Round "3.4"]
[White "Lalith Babu M R"]
[Black "Das, Arghyadip"]
[Result "1-0"]
[ECO "D47"]
[WhiteElo "2550"]
[BlackElo "2458"]
[Annotator "ChessBase"]
[PlyCount "67"]
[EventDate "2020.02.05"]
[EventCountry "IND"]
[SourceTitle "playchess.com"]
[Source "ChessBase"]
[SourceQuality "1"]
[TimeControl "5400+30"]

1. d4 e6 2. c4 d5 3. Nf3 Nf6 4. Nc3 c6 5. e3 Nbd7 6. Bd3 dxc4 7. Bxc4 b5 8. Bd3 Bb7 9. e4 b4 10. Na4 c5 11. e5 Nd5 12. O-O cxd4 13. Nxd4 Nxe5 14. Bb5+ Nd7 15. Re1 Rc8 16. Qh5 g6 17. Qh3 a6 18. Bg5 Be7 19. Bxe7 Nxe7 20. Nxe6 fxe6 21. Bxd7+ Qxd7 22. Nb6 Qb5 23. Nxc8 Bxc8 24. Qh4 Nf5 25. Qf6 Rf8 26. Qg5 Qb6 27. Rad1 Kf7 28. Rd2 Kg8 29. Red1 Bb7 30. Rd8 Ne7 31. Rxf8+ Kxf8 32. Qf6+ Ke8 33. Qh8+ Kf7 34. Rd8 1-0

[Event "40th IND-chT Open 2020"]
[Site "Ahmedabad"]
[Date "2020.02.08"]
[Round "3.5"]
[White "Vignesh N R"]
[Black "Narayanan, Srinath"]
[Result "0-1"]
[ECO "B63"]
[WhiteElo "2436"]
[BlackElo "2535"]
[Annotator "ChessBase"]
[PlyCount "92"]
[EventDate "2020.02.05"]
[EventCountry "IND"]
[SourceTitle "playchess.com"]
[Source "ChessBase"]
[SourceQuality "1"]
[TimeControl "5400+30"]

1. e4 c5 2. Nf3 d6 3. d4 cxd4 4. Nxd4 Nf6 5. Nc3 Nc6 6. Bg5 e6 7. Qd2 a6 8. O-O-O Be7 9. f3 O-O 10. h4 Nxd4 11. Qxd4 b5 12. Kb1 Bb7 13. e5 dxe5 14. Qxe5 Qb8 15. Qe3 Rc8 16. Bxf6 Bxf6 17. Ne4 Be7 18. Bd3 Bd5 19. Ng5 h6 20. Bh7+ Kf8 21. Rxd5 exd5 22. Ne6+ fxe6 23. Qxe6 Bb4 24. c3 Qf4 25. Qg8+ Ke7 26. Re1+ Kd6 27. Qe6+ Kc7 28. g3 Qf6 29. cxb4 Qxe6 30. Rxe6 Re8 31. Rg6 Re7 32. Rg4 Rf8 33. f4 g5 34. Bd3 gxf4 35. gxf4 h5 36. Rg6 Rxf4 37. Rxa6 Re1+ 38. Kc2 Re3 39. Bxb5 Rf2+ 40. Kd1 Rh3 41. Be2 Rxh4 42. b5 Rh1+ 43. Kd2 Rhh2 44. Re6 Rxe2+ 45. Rxe2 Rxe2+ 46. Kxe2 h4 0-1

[Event "40th IND-chT Open 2020"]
[Site "Ahmedabad"]
[Date "2020.02.08"]
[Round "3.7"]
[White "Deepan Chakkravarthy J."]
[Black "Swayams, Mishra"]
[Result "1/2-1/2"]
[ECO "A10"]
[WhiteElo "2545"]
[BlackElo "2485"]
[Annotator "ChessBase"]
[PlyCount "118"]
[EventDate "2020.02.05"]
[EventCountry "IND"]
[SourceTitle "playchess.com"]
[Source "ChessBase"]
[SourceQuality "1"]
[TimeControl "5400+30"]

1. e3 g6 2. c4 Bg7 3. Nc3 d6 4. b3 e5 5. Bb2 Nc6 6. Nge2 Nh6 7. h4 f5 8. Ng3 Be6 9. a3 a5 10. Qc2 Qd7 11. Be2 Qf7 12. Nf1 Qe7 13. Nd5 Qf7 14. Nc3 Qe7 15. Nd5 Qf7 16. Nh2 Bxd5 17. cxd5 Qxd5 18. Nf3 Nf7 19. Bc4 Qc5 20. d4 exd4 21. exd4 Nxd4 22. Nxd4 Bxd4 23. Bxd4 Qxd4 24. Bxf7+ Kxf7 25. Qxc7+ Kf6 26. O-O Rhc8 27. Qxb7 Rab8 28. Qd7 Rd8 29. Qc7 Rdc8 30. Qxa5 Rxb3 31. Rad1 Rd3 32. Rxd3 Qxd3 33. Qa7 Rc4 34. Qxh7 Qxa3 35. Re1 Re4 36. Qh8+ Ke6 37. Rb1 Qa7 38. Rb8 Re1+ 39. Kh2 Qxf2 40. Qg8+ Ke5 41. Qg7+ Kf4 42. Rb4+ Re4 43. Rb3 Qxh4+ 44. Rh3 Qg4 45. Rf3+ Kg5 46. Rg3 Qxg3+ 47. Kxg3 d5 48. Qd7 d4 49. Kf2 Kh6 50. Qf7 Kg5 51. Qg7 Kh5 52. Qh7+ Kg5 53. Qh8 Rg4 54. Ke1 Rxg2 55. Qxd4 Rg4 56. Qh8 Re4+ 57. Kd2 Rg4 58. Kd3 Re4 59. Qd8+ Kf4 1/2-1/2

[Event "40th IND-chT Open 2020"]
[Site "Ahmedabad"]
[Date "2020.02.08"]
[Round "3.8"]
[White "Bakre, Tejas"]
[Black "Swapnil, S. Dhopade"]
[Result "1/2-1/2"]
[ECO "D00"]
[WhiteElo "2425"]
[BlackElo "2495"]
[Annotator "ChessBase"]
[PlyCount "83"]
[EventDate "2020.02.05"]
[EventCountry "IND"]
[SourceTitle "playchess.com"]
[Source "ChessBase"]
[SourceQuality "1"]
[TimeControl "5400+30"]

1. d4 Nf6 2. Bf4 d5 3. e3 e6 4. Nd2 c5 5. c3 Bd6 6. Bg3 Qc7 7. Ngf3 Nbd7 8. Bb5 O-O 9. O-O Bxg3 10. hxg3 a6 11. Bxd7 Bxd7 12. Ne5 Bb5 13. Re1 Nd7 14. Ndf3 Nxe5 15. Nxe5 a5 16. Rc1 Rfd8 17. Qg4 Ra6 18. Qf4 f6 19. Nf3 Rc6 20. e4 Qxf4 21. gxf4 dxe4 22. Rxe4 Bc4 23. dxc5 Bxa2 24. Ra4 Bd5 25. Rxa5 Rdc8 26. b4 b6 27. cxb6 Rxb6 28. b5 Rc5 29. Nd2 Rcxb5 30. Rxb5 Rxb5 31. c4 Rc5 32. Re1 Bc6 33. Rxe6 Kf7 34. Rd6 Ke7 35. Rd4 Ra5 36. f3 h5 37. Kf2 h4 38. f5 h3 39. g4 Ra2 40. Kg3 h2 41. Kxh2 Bxf3 42. Kg3 1/2-1/2

[Event "40th IND-chT Open 2020"]
[Site "Ahmedabad"]
[Date "2020.02.08"]
[Round "3.9"]
[White "Prasenjit Dutta"]
[Black "Raja Harshit"]
[Result "0-1"]
[ECO "B93"]
[WhiteElo "2285"]
[BlackElo "2472"]
[Annotator "ChessBase"]
[PlyCount "114"]
[EventDate "2020.02.05"]
[EventCountry "IND"]
[SourceTitle "playchess.com"]
[Source "ChessBase"]
[SourceQuality "1"]
[TimeControl "5400+30"]

1. e4 c5 2. Nf3 d6 3. d4 cxd4 4. Nxd4 Nf6 5. Nc3 a6 6. f4 e5 7. Nf3 Nbd7 8. Bd3 Be7 9. O-O O-O 10. Kh1 b5 11. a3 Re8 12. fxe5 dxe5 13. Bg5 h6 14. Bxf6 Nxf6 15. Nxe5 Qc7 16. Nf3 Bb7 17. Nd4 Qe5 18. Nf5 Bd8 19. Nd5 Nxd5 20. exd5 Bxd5 21. Re1 Qxe1+ 22. Qxe1 Rxe1+ 23. Rxe1 Kf8 24. Ne3 Bc6 25. Ng4 Bc7 26. Re2 f6 27. Kg1 Rd8 28. h3 h5 29. Nf2 Be5 30. Nd1 Bd5 31. Kf2 h4 32. Ke1 Rd7 33. Kf1 Rd8 34. Ke1 g5 35. Kd2 Kf7 36. Ke1 Be6 37. Nc3 Bg3+ 38. Kf1 f5 39. a4 b4 40. Nd1 b3 41. Ne3 Rd4 42. Kg1 Rxa4 43. cxb3 Ra1+ 44. Nf1 Bxb3 45. Rd2 Kf6 46. Be2 a5 47. Bb5 a4 48. Rd8 Rb1 49. Rf8+ Kg7 50. Re8 Kf7 51. Re2 Kf6 52. Bd3 Rd1 53. Bb5 Be5 54. Rd2 Rb1 55. Kf2 Bxb2 56. Ne3 a3 57. Rd3 Be5 0-1

[Event "40th IND-chT Open 2020"]
[Site "Ahmedabad"]
[Date "2020.02.08"]
[Round "3.11"]
[White "Aradhya, Garg"]
[Black "Visakh N R"]
[Result "1/2-1/2"]
[ECO "D37"]
[WhiteElo "2169"]
[BlackElo "2518"]
[Annotator "ChessBase"]
[PlyCount "100"]
[EventDate "2020.02.05"]
[EventCountry "IND"]
[SourceTitle "playchess.com"]
[Source "ChessBase"]
[SourceQuality "1"]
[TimeControl "5400+30"]

1. d4 Nf6 2. Nf3 e6 3. c4 d5 4. Nc3 a6 5. cxd5 exd5 6. Bg5 Be6 7. Qb3 Nbd7 8. Bxf6 Nxf6 9. Qxb7 Rb8 10. Qxa6 Rxb2 11. a3 Bd6 12. g3 Qb8 13. Bg2 Rb3 14. Qa5 c6 15. Nd2 Rb2 16. Na4 Rb5 17. Qc3 Qa8 18. Nc5 Bxc5 19. dxc5 O-O 20. O-O Nd7 21. Nb3 Rfb8 22. Nd4 Rxc5 23. Qe3 Re8 24. Nxe6 Rxe6 25. Qd2 Nf6 26. a4 Ra5 27. Qc2 Ne4 28. Rab1 Rc5 29. Qd3 g6 30. Rb4 Nc3 31. e3 Re8 32. Ra1 Qa5 33. Rf4 Qb6 34. Bf3 Qb2 35. Re1 Ra8 36. e4 dxe4 37. Bxe4 Re5 38. Re3 Nxe4 39. Rfxe4 Rxe4 40. Rxe4 c5 41. Qd5 Rc8 42. Rf4 Qg7 43. Kg2 Qf8 44. a5 c4 45. Qb7 Rb8 46. Qc7 Rc8 47. Qa7 Ra8 48. Qb7 Rb8 49. Qa6 Ra8 50. Qb7 Rb8 1/2-1/2

[Event "40th IND-chT Open 2020"]
[Site "Ahmedabad"]
[Date "2020.02.08"]
[Round "3.12"]
[White "Harshavardhan G B"]
[Black "Adarsh Tripathi"]
[Result "1-0"]
[ECO "A57"]
[WhiteElo "2377"]
[BlackElo "2100"]
[Annotator "ChessBase"]
[PlyCount "115"]
[EventDate "2020.02.05"]
[EventCountry "IND"]
[SourceTitle "playchess.com"]
[Source "ChessBase"]
[SourceQuality "1"]
[TimeControl "5400+30"]

1. d4 Nf6 2. c4 c5 3. d5 b5 4. Nd2 g6 5. e4 d6 6. cxb5 a6 7. a4 Bg7 8. Ngf3 O-O 9. Ra3 Bg4 10. Be2 axb5 11. axb5 Rxa3 12. bxa3 Qa5 13. O-O Bxf3 14. gxf3 Nh5 15. Nc4 Qxb5 16. Nxd6 Qd7 17. Nc4 e5 18. dxe6 Qxe6 19. Qd5 Nc6 20. f4 Nd4 21. Bxh5 gxh5 22. Qxe6 fxe6 23. Be3 Ne2+ 24. Kg2 Nxf4+ 25. Bxf4 Rxf4 26. f3 Rf8 27. Rb1 Ra8 28. Kf2 Ra4 29. Rc1 Bd4+ 30. Ke2 Ra7 31. Kd3 Rf7 32. Rf1 Rg7 33. a4 Rb7 34. Rc1 Rb3+ 35. Ke2 Rb4 36. a5 Ra4 37. Kd3 Ra2 38. Rb1 h4 39. h3 Kg7 40. Rb3 Rf2 41. Rb7+ Kf6 42. Nd2 e5 43. Rc7 Ke6 44. a6 Rg2 45. Nc4 Rf2 46. a7 Ra2 47. Rb7 h6 48. Nb6 c4+ 49. Kxc4 Bxb6 50. Rxb6+ Kf7 51. Rb7+ Ke6 52. Kc5 Kf6 53. Kb6 Kg5 54. Rf7 Rb2+ 55. Kc6 Rc2+ 56. Kb7 Rb2+ 57. Kc8 Rc2+ 58. Kb8 1-0

[Event "40th IND-chT Open 2020"]
[Site "Ahmedabad"]
[Date "2020.02.08"]
[Round "3.13"]
[White "Erigaisi Arjun"]
[Black "Sidhant, Mohapatra"]
[Result "1/2-1/2"]
[ECO "D10"]
[WhiteElo "2563"]
[BlackElo "2367"]
[Annotator "ChessBase"]
[PlyCount "67"]
[EventDate "2020.02.05"]
[EventCountry "IND"]
[SourceTitle "playchess.com"]
[Source "ChessBase"]
[SourceQuality "1"]
[TimeControl "5400+30"]

1. d4 d5 2. c4 c6 3. cxd5 cxd5 4. Bg5 Nc6 5. Nc3 Nf6 6. Bxf6 gxf6 7. e3 e6 8. Bd3 f5 9. Nge2 Bd6 10. Rc1 a6 11. O-O O-O 12. a3 Kh8 13. Na4 Ne7 14. g3 b6 15. f3 Bd7 16. Nac3 Bb8 17. e4 f4 18. gxf4 Ng6 19. e5 f5 20. Kh1 b5 21. Qe1 Rg8 22. Nb1 Qf8 23. Rg1 Ba7 24. Qg3 Bb6 25. Nd2 b4 26. Nb1 a5 27. Qh3 Rc8 28. Rxc8 Qxc8 29. Qh6 Qe8 30. axb4 axb4 31. Nd2 Bb5 32. Bxb5 Qxb5 33. Rg2 Qd3 34. Rxg6 1/2-1/2

[Event "40th IND-chT Open 2020"]
[Site "Ahmedabad"]
[Date "2020.02.08"]
[Round "3.14"]
[White "Sahoo, Utkal Ranjan"]
[Black "Harsha Bharathakoti"]
[Result "0-1"]
[ECO "A41"]
[WhiteElo "2336"]
[BlackElo "2495"]
[Annotator "ChessBase"]
[PlyCount "94"]
[EventDate "2020.02.05"]
[EventCountry "IND"]
[SourceTitle "playchess.com"]
[Source "ChessBase"]
[SourceQuality "1"]
[TimeControl "5400+30"]

1. d4 d6 2. c4 e5 3. dxe5 dxe5 4. Qxd8+ Kxd8 5. Nc3 Be6 6. b3 Nd7 7. Bb2 c6 8. e3 Nh6 9. Nf3 f6 10. Bd3 Kc7 11. h3 Nf7 12. Ke2 Nc5 13. Bc2 a5 14. Nd2 a4 15. b4 a3 16. Bc1 Na6 17. b5 Bb4 18. bxa6 Bxc3 19. axb7 Ra7 20. Rb1 Bxd2 21. Kxd2 Bxc4 22. Bb3 Nd6 23. Bxc4 Nxc4+ 24. Kc2 Nd6 25. Rd1 Nb5 26. Rb4 Rb8 27. Rg4 g5 28. Rd3 Rbxb7 29. h4 h5 30. Rc4 Nd6 31. Rcc3 Ne4 32. Rxa3 Nxf2 33. Rdb3 gxh4 34. Bd2 h3 35. gxh3 Nxh3 36. Rd3 Nf2 37. Ba5+ Rxa5 38. Rxa5 Nxd3 39. Kxd3 Kd6 40. Ra8 Rh7 41. Ke4 h4 42. Rd8+ Kc5 43. Kf5 h3 44. Rd1 h2 45. Rh1 Rh6 46. Ke4 Kb4 47. Kd3 f5 {[%emt 0:00:30] Kd4} 0-1

[Event "40th IND-chT Open 2020"]
[Site "Ahmedabad"]
[Date "2020.02.08"]
[Round "3.15"]
[White "Matta, Vinay Kumar"]
[Black "Nayak Rajesh"]
[Result "1/2-1/2"]
[ECO "B34"]
[WhiteElo "2319"]
[BlackElo "2169"]
[Annotator "ChessBase"]
[PlyCount "103"]
[EventDate "2020.02.05"]
[EventCountry "IND"]
[SourceTitle "playchess.com"]
[Source "ChessBase"]
[SourceQuality "1"]
[TimeControl "5400+30"]

1. e4 c5 2. Nf3 Nc6 3. d4 cxd4 4. Nxd4 Nf6 5. Nc3 g6 6. Nxc6 dxc6 7. Qxd8+ Kxd8 8. Bf4 Nd7 9. O-O-O Bg7 10. h4 e5 11. Be3 h5 12. g3 Kc7 13. Bc4 Rf8 14. Bb3 b6 15. f3 Nf6 16. Rd2 Be6 17. Bxe6 fxe6 18. Rhd1 Rf7 19. Rd3 Rd7 20. Ne2 Rxd3 21. Rxd3 Nd7 22. Kd2 Bf8 23. Nc1 Bc5 24. Ke2 Bxe3 25. Kxe3 Rg8 26. Rd1 Rd8 27. Rg1 Nf6 28. Nd3 Kd6 29. Rg2 Nd7 30. f4 Rg8 31. Nxe5 Nxe5 32. Rd2+ Ke7 33. fxe5 g5 34. hxg5 Rxg5 35. Kf4 Rg4+ 36. Kf3 Rg5 37. Rd6 c5 38. Rd3 Rg7 39. c4 Ke8 40. Rd2 Rf7+ 41. Ke3 Rg7 42. Kf4 Ke7 43. Rh2 Rg4+ 44. Kf3 Rg5 45. Rd2 Rg7 46. a3 Rf7+ 47. Ke2 h4 48. gxh4 Rf4 49. Ke3 Rxh4 50. Rg2 Kf7 51. Rf2+ Ke7 52. Rg2 1/2-1/2

[Event "40th IND-chT Open 2020"]
[Site "Ahmedabad"]
[Date "2020.02.08"]
[Round "3.17"]
[White "Samal Ansuman"]
[Black "Eshwanth Dev, Kumar J"]
[Result "1-0"]
[ECO "B26"]
[WhiteElo "1910"]
[BlackElo "1850"]
[Annotator "NA"]
[PlyCount "69"]
[EventDate "2020.02.05"]
[EventCountry "IND"]
[SourceTitle "playchess.com"]
[Source "ChessBase"]
[SourceQuality "1"]
[TimeControl "5400+30"]

1. e4 c5 2. Nc3 d6 3. d3 Nc6 4. g3 g6 5. Bg2 Bg7 6. Be3 e6 7. Qd2 (7. Rb1) 7... Rb8 8. Nge2 $11 Qb6 9. Rb1 Nd4 10. Nd1 e5 11. O-O Bg4 12. f3 Be6 13. b4 Qc7 14. c3 Nxe2+ 15. Qxe2 Ne7 16. bxc5 dxc5 17. Qf2 Rd8 18. f4 b6 19. f5 gxf5 20. exf5 Bxf5 21. Be4 Be6 22. Bg5 f5 23. Bxe7 Qxe7 24. Bc6+ Rd7 25. Bxd7+ Qxd7 26. a4 Qxa4 27. Ne3 O-O 28. Qf3 Qd7 29. Ng2 Bd5 30. Qe2 Bc6 31. Rf2 Bb5 32. Rd1 Rd8 33. Qh5 e4 34. Rxf5 Bxd3 35. Nf4 1-0

[Event "40th IND-chT Open 2020"]
[Site "Ahmedabad"]
[Date "2020.02.08"]
[Round "3.18"]
[White "Sibi Visal R"]
[Black "Pattnayak Nilsu"]
[Result "1-0"]
[ECO "A19"]
[WhiteElo "2074"]
[BlackElo "1950"]
[Annotator "NA"]
[PlyCount "83"]
[EventDate "2020.02.05"]
[EventCountry "IND"]
[SourceTitle "playchess.com"]
[Source "ChessBase"]
[SourceQuality "1"]
[TimeControl "5400+30"]

1. c4 Nf6 2. Nc3 e6 3. e4 c5 4. e5 Ng8 5. Nf3 Nc6 6. d4 cxd4 7. Nxd4 $11 Bc5 8. Nxc6 dxc6 9. Qxd8+ Kxd8 10. Bg5+ Kc7 11. O-O-O Be7 12. Ne4 Bd7 13. Bxe7 Nxe7 14. Nd6 Ng6 15. Nxb7 Nxe5 16. Nc5 Rad8 17. Be2 Be8 18. Kc2 g5 19. Ne4 h6 20. c5 Rd5 21. b4 f5 22. Nd6 Bd7 23. Kc3 Rxd1 24. Bxd1 Ng6 25. g3 Rf8 26. Re1 g4 27. Nc4 Ne7 28. a3 h5 29. Ne5 f4 30. Nd3 fxg3 31. hxg3 Rf5 32. Bb3 Nd5+ 33. Bxd5 exd5 34. Re5 Rf3 35. Kd4 Bf5 36. Nf4 Be4 37. Re7+ Kb8 38. Ne6 Rxa3 39. b5 Bf5 40. Re8+ Kb7 41. Nd8+ Kc7 42. Nxc6 1-0

[Event "40th IND-chT Open 2020"]
[Site "Ahmedabad"]
[Date "2020.02.08"]
[Round "3.19"]
[White "Das Susobhit"]
[Black "Sa, Kannan"]
[Result "1-0"]
[ECO "D36"]
[WhiteElo "1846"]
[BlackElo "1936"]
[Annotator "NA"]
[PlyCount "69"]
[EventDate "2020.02.05"]
[EventCountry "IND"]
[SourceTitle "playchess.com"]
[Source "ChessBase"]
[SourceQuality "1"]
[TimeControl "5400+30"]

1. d4 d5 2. c4 e6 3. Nc3 Nf6 4. cxd5 exd5 5. Bg5 c6 6. Qc2 Be7 7. e3 O-O 8. Bd3 Nbd7 9. h3 Re8 10. Nf3 Nf8 11. O-O-O b5 12. Kb1 a5 13. Rc1 Bb7 14. Ne5 N6d7 15. Bf4 Nxe5 16. Bxe5 a4 17. g4 Bd6 18. Bxd6 Qxd6 19. h4 Ra5 20. g5 Rea8 21. Ne2 b4 22. Qd2 Nd7 23. h5 Nb6 24. g6 fxg6 25. hxg6 h6 26. Ng3 Ba6 27. Nf5 Qf8 28. Rxc6 Nc4 29. Qe2 b3 30. a3 Bb5 31. Rc7 Qxf5 32. Bxf5 Nxa3+ 33. bxa3 Bxe2 34. Be6+ Kf8 35. Rxh6 1-0

[Event "40th IND-chT Open 2020"]
[Site "Ahmedabad"]
[Date "2020.02.08"]
[Round "3.21"]
[White "Krishnan Ritvik"]
[Black "Moksh Amit Doshi"]
[Result "0-1"]
[ECO "C54"]
[WhiteElo "1844"]
[BlackElo "2357"]
[Annotator "ChessBase"]
[PlyCount "96"]
[EventDate "2020.02.05"]
[EventCountry "IND"]
[SourceTitle "playchess.com"]
[Source "ChessBase"]
[SourceQuality "1"]
[TimeControl "5400+30"]

1. e4 e5 2. Bc4 Nf6 3. d3 Nc6 4. Nf3 Bc5 5. c3 O-O 6. O-O a6 7. a4 d6 8. h3 h6 9. Re1 Ba7 10. Nbd2 Be6 11. Bxe6 fxe6 12. a5 Nh5 13. Nf1 Qf6 14. Be3 Bxe3 15. Nxe3 Nf4 16. Kh2 g5 17. Ng1 Rad8 18. g3 Ng6 19. Ng4 Qg7 20. Rf1 Rd7 21. b4 d5 22. Qb3 Kh7 23. Ne3 d4 24. Nc4 dxc3 25. Qxc3 Rfd8 26. Rfd1 Qf8 27. Kg2 Qxb4 28. Qxb4 Nxb4 29. Rab1 Nxd3 30. Kf1 Rd4 31. Ne3 Rf8 32. f3 Rb8 33. Ne2 Rbd8 34. Nc4 Kg7 35. Rd2 Nc5 36. Rbd1 Rxd2 37. Rxd2 Kf6 38. Rc2 Nb3 39. Ne3 c5 40. Nc4 Nd4 41. Rb2 Nb5 42. Rd2 Ke7 43. Nc1 Ke8 44. Kg2 h5 45. Rxd8+ Kxd8 46. Nd3 Kc7 47. Ncxe5 Nxe5 48. Nxe5 Kd6 0-1

[Event "40th IND-chT Open 2020"]
[Site "Ahmedabad"]
[Date "2020.02.08"]
[Round "3.22"]
[White "Anadkat Kartavya"]
[Black "Kshatriya Nitin Vekhande"]
[Result "1/2-1/2"]
[ECO "A05"]
[WhiteElo "2152"]
[BlackElo "1756"]
[Annotator "ChessBase"]
[PlyCount "61"]
[EventDate "2020.02.05"]
[EventCountry "IND"]
[SourceTitle "playchess.com"]
[Source "ChessBase"]
[SourceQuality "1"]
[TimeControl "5400+30"]

1. e4 c5 2. Nf3 d6 3. g3 Nf6 4. c3 g6 5. Bg2 Bg7 6. O-O O-O 7. Re1 Nc6 8. h3 e5 9. d3 Ne8 10. Nbd2 f5 11. Nc4 Nf6 12. Ne3 h6 13. exf5 gxf5 14. Nh4 Ne7 15. Nc4 Rb8 16. f4 exf4 17. Bxf4 Ne8 18. a4 Rf6 19. d4 Be6 20. d5 Bf7 21. Qd3 Nc7 22. Ne3 Qd7 23. b4 Rd8 24. Rab1 b6 25. bxc5 dxc5 26. c4 Bh5 27. a5 Na6 28. Be5 Nb4 29. Qc3 Ng6 30. Nc2 bxa5 31. Na3 1/2-1/2

[Event "40th IND-chT Open 2020"]
[Site "Ahmedabad"]
[Date "2020.02.08"]
[Round "3.23"]
[White "Vedant Nitin vekhande"]
[Black "Bhatt, Jalpan"]
[Result "1/2-1/2"]
[ECO "B51"]
[WhiteElo "1723"]
[BlackElo "1983"]
[Annotator "NA"]
[PlyCount "82"]
[EventDate "2020.02.05"]
[EventCountry "IND"]
[SourceTitle "playchess.com"]
[Source "ChessBase"]
[SourceQuality "1"]
[TimeControl "5400+30"]

1. e4 c5 2. Nf3 Nc6 3. Bb5 d6 4. O-O g6 5. d4 Bd7 6. dxc5 {B51: Sicilian: Moscow Variation (3 Bb5+) without 3...Bd7.} dxc5 7. Be3 Bg7 8. Nc3 Qa5 {[#]} 9. Qd3 $146 ({Predecessor:} 9. Nd5 Nf6 10. a4 a6 11. Bxc5 Nxd5 12. exd5 axb5 13. dxc6 Bxc6 14. axb5 Qxa1 15. Qxa1 Rxa1 16. Rxa1 Bxb5 {0-1 (40) Ong,C (2347)-Amonatov,F Kuala Lumpur 1993}) 9... Rd8 10. Rad1 Nf6 11. Bxc5 O-O 12. Qe2 Bg4 13. h3 Bxf3 14. Qxf3 Nd7 15. b4 Nde5 16. Qe3 Nxb4 17. Bxe7 Rxd1 18. Rxd1 Rc8 19. Bxb4 Qxb4 20. Nd5 Qc5 21. Ba4 Nc4 22. Qxc5 Rxc5 23. Bb3 Kf8 24. Kf1 b5 25. Ke2 a5 26. a4 Nb2 27. Nb6 Nxd1 28. Nd7+ Ke7 29. Nxc5 Nc3+ $18 30. Kd3 Kd6 31. Nb7+ Kc7 32. Nxa5 Kb6 33. axb5 Kxa5 34. Bxf7 Kxb5 35. f4 Kc5 36. h4 Nd1 37. Bb3 h6 38. Bf7 g5 39. hxg5 hxg5 40. fxg5 Nc3 41. Ke3 Be5 1/2-1/2

[Event "40th IND-chT Open 2020"]
[Site "Ahmedabad"]
[Date "2020.02.08"]
[Round "3.24"]
[White "Trivedi Karan R"]
[Black "Athalye Varad"]
[Result "1-0"]
[ECO "A45"]
[WhiteElo "1956"]
[BlackElo "1602"]
[Annotator "NA"]
[PlyCount "73"]
[EventDate "2020.02.05"]
[EventCountry "IND"]
[SourceTitle "playchess.com"]
[Source "ChessBase"]
[SourceQuality "1"]
[TimeControl "5400+30"]

1. d4 Nf6 2. Bf4 b6 3. f3 d5 4. Nc3 e6 5. e3 Bd6 6. Bg5 $15 Be7 7. Qd2 Bb7 8. O-O-O Nbd7 9. Bf4 a6 10. g4 h6 11. Nge2 c5 12. Bg2 c4 13. h4 b5 14. g5 Nh5 15. Nb1 b4 16. c3 Qa5 17. cxb4 Qxa2 18. Bc7 Qa4 19. Ba5 Nb8 20. Nbc3 Qd7 21. e4 Nc6 22. exd5 Nxb4 23. Bxb4 Bxb4 24. dxe6 fxe6 25. Qc2 Bd6 26. Ne4 Nf4 27. Nxf4 Bxf4+ 28. Kb1 Bd5 29. Nc5 Qf7 30. g6 Qc7 31. Qa4+ Ke7 32. Rhe1 Kf6 33. Bh3 Rhe8 34. Qc2 Qd6 35. Rxe6+ Bxe6 36. Ne4+ Ke7 37. Nxd6 1-0